[Event "Early-Titled-Tuesday-Blitz-January-16-2024"]
[Site "Chess.com"]
[Date "2024.01.16"]
[Round "11"]
[White "DenLaz"]
[Black "Tejas_Rama"]
[Result "1-0"]
[WhiteElo "3043"]
[BlackElo "2596"]
[TimeControl "180+1"]
[EndTime "10:08:38 PST"]
[Termination "DenLaz won by resignation"]

1. d4 Nf6 2. Nf3 d5 3. Bg5 c5 4. e3 cxd4 5. exd4 Nc6 6. c3 Bf5 7.
Nbd2 e6 8. Be2 Be7 9. O-O O-O 10. Re1 Qc7 11. Nf1 Ne4 12. Bxe7 Qxe7 13. Bd3 Rab8 14. Ng3 Nxg3 15. hxg3 Bxd3 16. Qxd3 b5 17. b4 a5 18.
a3 Rfc8 19. g4 Qd8 20. g3 Ne7 21. Kg2 Qc7 22. Rh1 Ng6 23. Rac1 Qf4 24. g5 axb4 25. axb4 Qc7 26. Rh5 Qc6 27. Qe3 Ra8 28. Ne5 Qc7 29. Nxg6 hxg6 30. Rh4 Ra3 31. Rch1 Kf8 32. Qe2 Qc4 33. Qe5 Qc7 34. Rh8+ Ke7 35. Qxg7 Rxh8 36. Qf6+ Kd6 37. Rxh8 Rxc3 38. Rf8 Kc6 39. Rxf7 Qd6 40. Re7 1-0

[Event "Early-Titled-Tuesday-Blitz-January-16-2024"]
[Site "Chess.com"]
[Date "2024.01.16"]
[Round "11"]
[White "LangesNasenhaar"]
[Black "mertfelin"]
[Result "1-0"]
[WhiteElo "2415"]
[BlackElo "2232"]
[TimeControl "180+1"]
[EndTime "10:08:41 PST"]
[Termination "LangesNasenhaar won by resignation"]

1. Nf3 d5 2. g3 Nf6 3. Bg2 e6 4.
O-O Be7 5. d4 O-O 6. c4 dxc4 7.
Ne5 Nd5 8. Nxc4 b5 9. Ne5 Bb7 10. Qb3 a6 11. a4 Nd7 12. axb5 Nxe5 13. dxe5 axb5 14. Rxa8 Qxa8 15. e4 Nb6 16. Re1 Qa4 17.
Nd2 Rd8 18. Qf3 Qd4 19. Nb3 Qxe5 20. Bf4 Qxb2 21. Bxc7 Nc4 22. Bxd8 Bxd8 23. Nc5 Bc6 24. Qf4 e5 25. Rd1 Be7 26. Qf5 Nb6 27. Nd3 Qd4 28. Qf3 h6 29. Qe3 Qxe3 30. fxe3 b4 31. Rb1 1-0

[Event "Early-Titled-Tuesday-Blitz-January-16-2024"]
[Site "Chess.com"]
[Date "2024.01.16"]
[Round "11"]
[White "vasblesk"]
[Black "tactic"]
[Result "1-0"]
[WhiteElo "2771"]
[BlackElo "2541"]
[TimeControl "180+1"]
[EndTime "10:08:42 PST"]
[Termination "vasblesk won by checkmate"]

1. d4 Nf6 2. c4 a6 3. Nc3 c5 4. dxc5 e6 5. Na4 Bxc5 6. Nxc5 Qa5+ 7. Bd2 Qxc5 8. e3 O-O 9. Bd3 d5 10. Qc2 Nc6 11. cxd5 Qxd5 12. Nf3 e5 13. Bc4 Qd6 14. O-O e4 15. Nd4 Nxd4 16. exd4 b5 17. Bb3 Bf5 18. Qc5 Qd7 19. Be3 Rac8 20. Qa3 Qb7 21. Rac1 h5 22. Rc5 Bg6 23. Rfc1 Ng4 24. Bd5 Qd7 25.
Qxa6 Nxe3 26. fxe3 Rxc5 27. Rxc5 Qg4 28. Qxb5 Qd1+ 29. Qf1 Qd2 30. Rc3 Qxb2 31. Qc1 Qe2 32. Bc4 Qg4 33. h3 Qg5 34. Qe1 Kh7 35. Bb3 Qa5 36.
Rc1 Qa3 37. Rc5 Rb8 38. Qh4 Qb2 39. Rxh5+ Bxh5 40. Qxh5+ Kg8 41. Qxf7+ Kh7 42. Qh5# 1-0

[Event "Early-Titled-Tuesday-Blitz-January-16-2024"]
[Site "Chess.com"]
[Date "2024.01.16"]
[Round "11"]
[White "Trojan-Knight"]
[Black "TrompeterImEther"]
[Result "0-1"]
[WhiteElo "2681"]
[BlackElo "2540"]
[TimeControl "180+1"]
[EndTime "10:08:49 PST"]
[Termination "TrompeterImEther won by resignation"]

1. d4 Nf6 2. c4 e6 3. Nc3 Bb4 4. e3 O-O 5. Ne2 c6 6. a3 Be7 7. Ng3 d5 8. cxd5 cxd5 9. Bd3 Nc6 10. O-O a6 11. Bd2 b5 12. Rc1 Bb7 13. Bb1 Rc8 14. Nh5 Na5 15. Nxf6+ Bxf6 16. h3 g6 17. Qf3 Kg7 18.
Rce1 Nc4 19. Bc1 e5 20. dxe5 Nxe5 21. Qg3 d4 22. Ne4 Bxe4 23. Bxe4 d3 24. Rd1 Rc4 25.
Bf3 Re8 26. b3 Bh4 27. Qh2 Nxf3+ 28. gxf3 Rc2 29. Rd2 Qd5 30. Qf4 Bf6 31. e4 Qxb3 32. Rfd1 Rxd2 33. Qxd2 Rd8 34. Re1 Bc3 35. Qd1 Qxd1 36.
Rxd1 d2 37. Bxd2 Rxd2 38. Rc1 b4 39. axb4 Bxb4 40. Rc4 a5 41. Kg2 Rb2 42. Rc7 a4 43.
e5 Kf8 44. Rc8+ Ke7 45. f4 a3 46. Rc7+ Ke6 47. Rc6+ Kd5 48. Ra6 a2 49. h4 Rc2 50.
h5 Bc3 51. hxg6 hxg6 52. f5 gxf5 53. e6 fxe6 0-1

[Event "Early-Titled-Tuesday-Blitz-January-16-2024"]
[Site "Chess.com"]
[Date "2024.01.16"]
[Round "11"]
[White "01Roman"]
[Black "SanchezKelvin"]
[Result "0-1"]
[WhiteElo "2470"]
[BlackElo "2578"]
[TimeControl "180+1"]
[EndTime "10:08:49 PST"]
[Termination "SanchezKelvin won by resignation"]

1. Nf3 d5 2. d4 Nf6 3. c4 c6 4.
Qc2 dxc4 5. e4 b5 6. b3 cxb3 7.
axb3 Bb7 8. Bd3 a6 9. Bd2 e6 10. O-O Nbd7 11. Rc1 c5 12. d5 exd5 13. e5 Ne4 14.
Bf4 Be7 15. Nbd2 g5 16. Be3 g4 17. Ne1 Nxd2 18. Bxd2 Nxe5 19. Bh6 Qd6 20. Bg7 Rg8 21. Bxe5 Qxe5 22. Qd2 Bg5 23. Qa5 Bxc1 24. Rxc1 Qd6 25. Nc2 Rg7 26. Ne3 Rg5 27. Nf5 Rxf5 28. Bxf5 Kf8 29.
Bxg4 Qf4 30. Rxc5 Qxg4 31. h3 Qf4 32. Rc7 Re8 33. Rxb7 Re2 34. Qb4+ Qxb4 0-1

[Event "Early-Titled-Tuesday-Blitz-January-16-2024"]
[Site "Chess.com"]
[Date "2024.01.16"]
[Round "11"]
[White "falzehope0"]
[Black "effefe"]
[Result "1-0"]
[WhiteElo "2385"]
[BlackElo "2303"]
[TimeControl "180+1"]
[EndTime "10:08:49 PST"]
[Termination "falzehope0 won on time"]

1. d4 Nf6 2. e3 g6 3. Bd3 Bg7 4.
f4 O-O 5. Nf3 d6 6. O-O Nc6 7.
e4 e5 8. d5 Ne7 9. fxe5 dxe5 10.
c4 Nh5 11. Be3 Nf4 12. Bc5 h6 13. Nc3 f5 14. Ba3 Rf7 15. Bc2 g5 16. Bb3 fxe4 17. Nxe4 Nf5 18. c5 Ne3 19. Qd2 Nxf1 20. Rxf1 Kh8 21.
g3 Nh3+ 22. Kg2 g4 23. Nh4 Rxf1 24. Kxf1 Qe8 25. d6 cxd6 26. Nxd6 Qc6 27. Nf7+ Kh7 28.
Bd5 Qf6+ 29. Kg2 Bf5 30. Qe3 Bg6 31. Nxg6 Kxg6 32. Nd6 h5 33. Be4+ 1-0

[Event "Early-Titled-Tuesday-Blitz-January-16-2024"]
[Site "Chess.com"]
[Date "2024.01.16"]
[Round "11"]
[White "lasRojas"]
[Black "Kaissa10"]
[Result "1-0"]
[WhiteElo "2492"]
[BlackElo "2281"]
[TimeControl "180+1"]
[EndTime "10:08:53 PST"]
[Termination "lasRojas won on time"]

1. e4 c6 2. d4 d5 3. e5 c5 4.
Nf3 Nc6 5. dxc5 Bg4 6. c3 e6 7.
Be3 Bxf3 8. Qxf3 Nxe5 9. Bb5+ Nc6 10. c4 Nf6 11. Nc3 Be7 12. cxd5 exd5 13. O-O-O Qa5 14. Kb1 O-O 15. g4 Ne4 16. Nxd5 Qxb5 17. Nxe7+ Nxe7 18. Qxe4 Rfe8 19. Qd3 Qc6 20. g5 Ng6 21. Qd5 Qa4 22. h4 Ne5 23. h5 Qa6 24. Rhg1 Nc4 25. g6 Nxe3 26. gxf7+ Kh8 27. fxe8=Q+ Rxe8 28. fxe3 Qf6 29. Rgf1 Qe7 30. e4 h6 31. e5 Qg5 32. e6 Qg4 33. e7 1-0

[Event "Early-Titled-Tuesday-Blitz-January-16-2024"]
[Site "Chess.com"]
[Date "2024.01.16"]
[Round "11"]
[White "lilylg"]
[Black "FMCarmona"]
[Result "1-0"]
[WhiteElo "2132"]
[BlackElo "2166"]
[TimeControl "180+1"]
[EndTime "10:08:53 PST"]
[Termination "lilylg won on time"]

1. d4 d5 2. c4 e6 3. Nf3 Nf6 4. g3 Be7 5. Bg2 O-O 6. O-O c6 7. Qc2 b6 8. Bf4 Bb7 9. Nbd2 Nbd7 10. Rac1 Rc8 11. Rfd1 c5 12. dxc5 bxc5 13. Ne5 Nxe5 14. Bxe5 Qb6 15. cxd5 exd5 16. Qb3 Rfd8 17. Qxb6 axb6 18.
Rc2 Ba6 19. Nf3 Ne4 20. Bh3 Ra8 21. Bc7 Bb7 22. Bxd8 Bxd8 23. Nd2 Nf6 24. b3 Be7 25. Bg2 h6 26. Nc4 Ra6 27. Ne3 1-0

[Event "Early-Titled-Tuesday-Blitz-January-16-2024"]
[Site "Chess.com"]
[Date "2024.01.16"]
[Round "11"]
[White "ATM622"]
[Black "Pastore1978"]
[Result "1-0"]
[WhiteElo "2485"]
[BlackElo "2293"]
[TimeControl "180+1"]
[EndTime "10:08:54 PST"]
[Termination "ATM622 won by resignation"]

1. d4 d5 2. c4 e6 3. Nf3 Nf6 4. g3 Bb4+ 5. Nbd2 dxc4 6. Bg2 O-O 7. O-O b5 8. Ne1 Nd5 9. a4 c6 10. e4 Nf6 11. Nc2 Be7 12. e5 Nd5 13. Ne4 Nd7 14.
Ne3 Nxe3 15. Bxe3 Nb6 16. Qh5 Nd5 17. Bg5 h6 18. Bxh6 gxh6 19. Qxh6 f5 20. Qg6+ Kh8 21. axb5 cxb5 22. h4 Bd7 23. Ng5 Bxg5 24. hxg5 Qe7 25. Bxd5 exd5 26. Kg2 Qg7 27. Qh5+ Kg8 28. Ra6 Be8 29.
g6 Rb8 30. Rh1 Rb7 31. Qf3 Rd7 32. Rh7 Bxg6 33. Rxg7+ Kxg7 34. e6 Re7 35. Qf4 b4 36. Qe5+ Kg8 37. Qxd5 f4 38. Qxc4 Be4+ 39. f3 fxg3 40.
fxe4 Rh7 41. e7+ 1-0

[Event "Early-Titled-Tuesday-Blitz-January-16-2024"]
[Site "Chess.com"]
[Date "2024.01.16"]
[Round "11"]
[White "pooh2012"]
[Black "GMT4114"]
[Result "1-0"]
[WhiteElo "2525"]
[BlackElo "1989"]
[TimeControl "180+1"]
[EndTime "10:08:54 PST"]
[Termination "pooh2012 won on time"]

1. d4 e6 2. Nc3 d5 3. Bf4 Bd6 4. Bg3 c6 5. e4 Bxg3 6. hxg3 dxe4 7. Nxe4 Nf6 8. Nxf6+ Qxf6 9. Nf3 Nd7 10. Bd3 h6 11. c3 b6 12. Be4 Bb7 13. Qa4 b5 14. Qa5 Nb6 15. Ne5 Nd5 16. Bxd5 exd5 17. O-O Qd6 18. Rae1 O-O 19. Qb4 Qxb4 20. cxb4 a5 21. bxa5 Rxa5 22.
a3 b4 23. axb4 Ra4 24. Nd7 Ba6 25. Ra1 1-0

[Event "Early-Titled-Tuesday-Blitz-January-16-2024"]
[Site "Chess.com"]
[Date "2024.01.16"]
[Round "11"]
[White "AlexPapasimakopoulos"]
[Black "WhiteKnight2612"]
[Result "0-1"]
[WhiteElo "2666"]
[BlackElo "2870"]
[TimeControl "180+1"]
[EndTime "10:08:55 PST"]
[Termination "WhiteKnight2612 won by checkmate"]

1. Nf3 Nf6 2. g3 b6 3. Bg2 Bb7 4. b3 g6 5. Bb2 Bg7 6. c4 O-O 7. O-O d6 8. Nc3 Nbd7 9. d4 e5 10. dxe5 dxe5 11. Ng5 Bxg2 12. Kxg2 h6 13. Nge4 Nxe4 14.
Nxe4 f5 15. Qd5+ Rf7 16. Nc3 e4 17. Rad1 Qe8 18. Nb5 Rc8 19. Bxg7 Kxg7 20. Nxa7 Ra8 21. Nb5 Ne5 22. Qd2 Qe6 23. a4 f4 24. gxf4 Qg4+ 25.
Kh1 Rxf4 26. Rg1 Qh4 27. Rg2 Kh7 28. Kg1 Raf8 29. Rf1 Ng4 30. Qe1 Qh3 31. Nxc7 R4f5 32. Ne6 R8f6 33. Nd4 Rg5 34. f4 Nxh2 35. Rf2 e3 36.
fxg5 exf2+ 37. Rxf2 Ng4 38. gxf6 Qg3+ 39. Kf1 Ne3# 0-1

[Event "Early-Titled-Tuesday-Blitz-January-16-2024"]
[Site "Chess.com"]
[Date "2024.01.16"]
[Round "11"]
[White "Egor_Koshulyan"]
[Black "Grossboss19"]
[Result "1/2-1/2"]
[WhiteElo "2691"]
[BlackElo "2559"]
[TimeControl "180+1"]
[EndTime "10:08:56 PST"]
[Termination "Game drawn by repetition"]

1. e4 c6 2. d4 d5 3. e5 c5 4. dxc5 e6 5. a3 a5 6. Be3 Qc7 7. Qd4 Ne7 8. Bb5+ Bd7 9. Bxd7+ Nxd7 10. Nf3 Nc6 11. Qc3 Ncxe5 12. Nxe5 Qxe5 13. c6 Qxc3+ 14. Nxc3 bxc6 15. O-O Be7 16. Na4 O-O 17. c3 c5 18. f4 Rab8 19. Rad1 g6 20. g4 f5 21. h3 Rfc8 22. g5 Nb6 23. Nxb6 Rxb6 24. Rd2 Rcb8 25. Rff2 Rb3 26. Rfe2 Kf7 27. Kg2 a4 28. Kf3 h5 29.
h4 R8b7 30. Kg2 Bf8 31. Kf3 Rc7 32. Kg2 Bg7 33. Bf2 Rc6 34. Rd1 Bf8 35. Be3 Bd6 36. Kf3 Bc7 37. Rdd2 Bb6 38. Kg2 Ba7 39. Bf2 Bb8 40.
Be3 Bc7 41. Kf3 Bd6 42. Kg2 Bc7 43. Kf3 1/2-1/2

[Event "Early-Titled-Tuesday-Blitz-January-16-2024"]
[Site "Chess.com"]
[Date "2024.01.16"]
[Round "11"]
[White "Predator0608"]
[Black "Vazabanga"]
[Result "1-0"]
[WhiteElo "2519"]
[BlackElo "2681"]
[TimeControl "180+1"]
[EndTime "10:08:56 PST"]
[Termination "Predator0608 won by resignation"]

1. f4 d5 2. Nf3 c5 3. g3 Nc6 4.
Bg2 g6 5. O-O Bg7 6. d3 Nf6 7.
e4 O-O 8. e5 Ne8 9. d4 Bg4 10.
dxc5 Qa5 11. Qxd5 Rd8 12. Qc4 Nc7 13. Be3 Be6 14. Qc3 Qa6 15. Bf2 Nb5 16. Qe3 Bc4 17.
Re1 Nbd4 18. Na3 Nxf3+ 19. Qxf3 Bd5 20. Qe2 Qa5 21. Rad1 Bxa2 22. Ra1 Bd5 23. Nb5 Qb4 24. Bxd5 Rxd5 25. c3 Qb3 26. Ra3 Rd2 27. Rxb3 1-0

[Event "Early-Titled-Tuesday-Blitz-January-16-2024"]
[Site "Chess.com"]
[Date "2024.01.16"]
[Round "11"]
[White "Nf3c5"]
[Black "Cambek64"]
[Result "1-0"]
[WhiteElo "2559"]
[BlackElo "2446"]
[TimeControl "180+1"]
[EndTime "10:08:57 PST"]
[Termination "Nf3c5 won by checkmate"]

1. d4 c5 2. d5 e5 3. Nc3 d6 4. e4 Be7 5. Bb5+ Nd7 6. Nf3 Nf6 7. a4 O-O 8. O-O Ne8 9. Nd2 Bg5 10. Be2 a6 11. a5 g6 12. Nc4 Bxc1 13. Qxc1 Kg7 14.
f4 Qe7 15. f5 h6 16. Rb1 Qg5 17.
Qe1 h5 18. h4 Qh6 19. Qg3 Ndf6 20. b4 cxb4 21. Rxb4 Bd7 22. Rxb7 Rc8 23. Qg5 Bb5 24.
Nxb5 axb5 25. Nb6 Rxc2 26. Bxb5 Nxe4 27. Qxh6+ Kxh6 28. fxg6 Kxg6 29. a6 Nc5 30. Rbxf7 Rxf7 31. Bxe8 Nxa6 32. Rxf7 Kh6 33. Nd7 Rc8 34. Nf6 Nc5 35. Rh7# 1-0

[Event "Early-Titled-Tuesday-Blitz-January-16-2024"]
[Site "Chess.com"]
[Date "2024.01.16"]
[Round "11"]
[White "Njal28"]
[Black "MyDream003"]
[Result "1-0"]
[WhiteElo "3032"]
[BlackElo "2876"]
[TimeControl "180+1"]
[EndTime "10:08:58 PST"]
[Termination "Njal28 won on time"]

1. e4 e5 2. Nf3 Nc6 3. Nc3 Nf6 4.
Nd5 d6 5. d4 exd4 6. Nxd4 Nxd4 7. Qxd4 Be7 8. Bd3 Nxd5 9. Qxd5 O-O 10. O-O Bf6 11. c3 c6 12. Qh5 g6 13. Qf3 Bg7 14. Rd1 Qe7 15. Bf4 Be6 16. Qg3 Rfd8 17.
Bg5 Bf6 18. Bxf6 Qxf6 19. f4 Kh8 20. Rf1 d5 21. e5 Qe7 22. Rae1 f5 23. exf6 Qxf6 24. Re5 Re8 25. h4 Bf7 26. Rf3 Re7 27.
Rxe7 Qxe7 28. Re3 Qf6 29. Qg5 Qxg5 30. hxg5 Re8 31. Kf2 Kg7 32. Rxe8 Bxe8 33. b4 Bd7 34. Ke3 Kf7 35. c4 dxc4 36. Bxc4+ Be6 37. Bxe6+ Kxe6 38. Ke4 b6 39. g4 Kd6 40. f5 gxf5+ 41. gxf5 Ke7 42.
Ke5 a6 43. f6+ Kf7 44. Kd6 1-0

[Event "Early-Titled-Tuesday-Blitz-January-16-2024"]
[Site "Chess.com"]
[Date "2024.01.16"]
[Round "11"]
[White "FM_VS99"]
[Black "Adar_07"]
[Result "1-0"]
[WhiteElo "2533"]
[BlackElo "2652"]
[TimeControl "180+1"]
[EndTime "10:08:59 PST"]
[Termination "FM_VS99 won by resignation"]

1. d4 Nf6 2. Nf3 g6 3. g3 Bg7 4. c4 O-O 5. Bg2 d6 6. O-O a6 7.
Nc3 Nbd7 8. e4 c5 9. h3 cxd4 10. Nxd4 Ne5 11. b3 Bd7 12. Be3 Rc8 13. Rc1 Nc6 14.
Qd2 Nxd4 15. Bxd4 Bc6 16. Rcd1 Qd7 17. Nd5 Bxd5 18. exd5 b5 19. cxb5 axb5 20. Rfe1 Rfe8 21. Re2 Rc7 22. Rde1 Kf8 23. Qb4 h5 24. a4 bxa4 25. bxa4 Rb7 26. Qa3 Rc7 27. a5 Rc4 28. Qa1 Ra4 29. Ra2 Rxa2 30. Qxa2 Qb5 31. a6 Nd7 32. a7 Bxd4 33. a8=Q Rxa8 34. Qxa8+ Qb8 35. Qa4 Nc5 36.
Qxd4 f6 37. Qe3 Qe8 38. Qh6+ Kg8 39. Be4 f5 40. Bf3 Qf7 41. Qg5 Kf8 42. Qh6+ Kg8 43. Rb1 Nd7 44. Rb7 Qe8 45. Rxd7 Qxd7 46. Qxg6+ Kf8 47.
Bxh5 e5 48. dxe6 Qg7 1-0

[Event "Early-Titled-Tuesday-Blitz-January-16-2024"]
[Site "Chess.com"]
[Date "2024.01.16"]
[Round "11"]
[White "FairChess_on_YouTube"]
[Black "Anton_Demchenko"]
[Result "1-0"]
[WhiteElo "3095"]
[BlackElo "2986"]
[TimeControl "180+1"]
[EndTime "10:09:01 PST"]
[Termination "FairChess_on_YouTube won by checkmate"]

1. Nf3 Nf6 2. c4 d6 3. Nc3 e5 4. g3 g6 5. Bg2 Bg7 6. O-O O-O 7. d3 h6 8. b4 Re8 9. Nd2 a6 10. a4 Nc6 11. Rb1 Nd4 12. e3 Ne6 13.
Nb3 c6 14. a5 d5 15. cxd5 Nxd5 16. Nxd5 cxd5 17. Bb2 Qd6 18. Ba3 Bd7 19. Nc5 Bc6 20.
Na4 Rad8 21. Nb6 Qb8 22. Qb3 e4 23. Bb2 Bxb2 24. Qxb2 exd3 25. Rfd1 d4 26. Bxc6 bxc6 27. Rxd3 dxe3 28. Rxe3 Ng5 29. Rxe8+ Rxe8 30. Nd7 Qb5 31. Nf6+ Kf8 32. Nxe8 Kxe8 33. Re1+ Kf8 34. Qh8# 1-0

[Event "Early-Titled-Tuesday-Blitz-January-16-2024"]
[Site "Chess.com"]
[Date "2024.01.16"]
[Round "11"]
[White "JonasEilenberg"]
[Black "Willi_Skibbe"]
[Result "1-0"]
[WhiteElo "2536"]
[BlackElo "2402"]
[TimeControl "180+1"]
[EndTime "10:09:05 PST"]
[Termination "JonasEilenberg won on time"]

1. d4 d5 2. Nc3 Nf6 3. Bf4 a6 4. e3 b5 5. Bd3 e6 6. Nf3 c5 7.
dxc5 Bxc5 8. O-O Nc6 9. Ne2 Bb7 10. Bg3 Nb4 11. a3 Nxd3 12. cxd3 Be7 13. Rc1 O-O 14.
Rc7 Bd6 15. Bxd6 Qxd6 16. Qc2 Rac8 17. Rc1 g6 18. b4 Rfd8 19. h3 Ne8 20. Rc5 e5 21. d4 e4 22. Nd2 Qd7 23. Nb3 Nd6 24. Na5 Nc4 25. Nxc4 bxc4 26. Nc3 Bc6 27. a4 Rb8 28. Rb1 Rb6 29. b5 axb5 30. axb5 Bb7 31. Ra1 Rb8 32. Ra7 Qd6 33. Qa4 Bc8 34. Rxd5 Qf8 35.
Rc5 Qe8 36. Qxc4 Be6 37. d5 Bd7 38. Qxe4 Qxe4 39. Nxe4 Bxb5 40. d6 R6b7 41. Rxb7 Rxb7 42. Rc7 1-0

[Event "Early-Titled-Tuesday-Blitz-January-16-2024"]
[Site "Chess.com"]
[Date "2024.01.16"]
[Round "11"]
[White "Statham_01"]
[Black "KacperKacprzak"]
[Result "0-1"]
[WhiteElo "2559"]
[BlackElo "2712"]
[TimeControl "180+1"]
[EndTime "10:09:06 PST"]
[Termination "KacperKacprzak won by resignation"]

1. e4 c5 2. Nf3 d6 3. d4 cxd4 4.
Nxd4 Nf6 5. Nc3 a6 6. a3 b5 7. Bg5 Bb7 8. Bxf6 gxf6 9. Be2 e6 10.
Bh5 Qd7 11. O-O Nc6 12. Nxe6 Qxe6 13. Nd5 Kd8 14. c4 f5 15. exf5 Qxf5 16. cxb5 axb5 17. Rc1 Bg7 18. Re1 Bd4 19. Ne3 Qf6 20. Ng4 Qg7 21.
Qd2 Re8 22. Nh6 Kc7 23. Nxf7 Rxe1+ 24. Qxe1 Qf6 25. Bf3 Qxf7 26. Qb4 Bc5 27. Qxb5 Ra5 28. Qd3 Ne5 29. Qc3 Nxf3+ 30. gxf3 Ra8 31. b4 Rg8+ 32. Kf1 Ba6+ 33. Ke1 Rg1+ 34. Kd2 Qd5+ 35. Kc2 Qa2+ 36. Qb2 Rxc1+ 37. Kxc1 Qxb2+ 38. Kxb2 Bxf2 39. b5 Bxb5 40. Kc3 0-1

[Event "Early-Titled-Tuesday-Blitz-January-16-2024"]
[Site "Chess.com"]
[Date "2024.01.16"]
[Round "11"]
[White "DonJuanEGenaro"]
[Black "Yushko_Olga"]
[Result "0-1"]
[WhiteElo "1912"]
[BlackElo "2147"]
[TimeControl "180+1"]
[EndTime "10:09:07 PST"]
[Termination "Yushko_Olga won on time"]

1. Nf3 e6 2. g3 Nf6 3. Bg2 d5 4. O-O Be7 5. c4 O-O 6. d4 dxc4 7. Nc3 c5 8. dxc5 Bxc5 9. Qa4 Nc6 10. Qxc4 Qe7 11.
Bg5 Bd7 12. Ne4 b6 13. Rfd1 Rfd8 14. a3 Rac8 15. Nxc5 Qxc5 16. Qh4 Qf5 17. Rac1 h6 18. Bxf6 Qxf6 19. Qxf6 gxf6 20. Rc3 Kf8 21. Kf1 Ke7 22. h4 Na5 23. Rdc1 Nb3 24. Rxc8 Bxc8 25. Rc3 Rd1+ 26.
Ne1 Nd2+ 27. Kg1 Rxe1+ 28. Kh2 Ba6 29. Rc7+ Kf8 30. Rxa7 Bxe2 31. Rb7 b5 32. Bc6 Bf3 33. Bxf3 Nxf3+ 34. Kg2 Nd4 35. b3 Ra1 36. a4 bxa4 0-1

[Event "Early-Titled-Tuesday-Blitz-January-16-2024"]
[Site "Chess.com"]
[Date "2024.01.16"]
[Round "11"]
[White "francyIM"]
[Black "IMRosen"]
[Result "0-1"]
[WhiteElo "2829"]
[BlackElo "2678"]
[TimeControl "180+1"]
[EndTime "10:09:09 PST"]
[Termination "IMRosen won by resignation"]

1. e4 c5 2. Nf3 Nc6 3. g3 e5 4.
Bg2 g6 5. d3 Bg7 6. O-O Nge7 7.
c3 O-O 8. Re1 h6 9. Na3 d6 10.
d4 cxd4 11. cxd4 Bg4 12. d5 Nd4 13. Nc2 Nxc2 14. Qxc2 Rc8 15. Qb3 Qa5 16. Bd2 Qa6 17. Bb4 f5 18. Nd2 f4 19. Bf1 Qb6 20. Nc4 Rxc4 21.
Bxc4 fxg3 22. Qxg3 Qxb4 23. Qxg4 Qxc4 24. Rac1 Qd4 25.
Re2 Kh7 26. h3 Qb6 27. Qd7 Bf6 28. Rc7 Rf7 29. Rec2 Bh4 30. Qe6 Rxf2 31. R2c5 Rf8 32. Rxe7+ Bxe7 33. Qxe7+ Kg8 34. Qe6+ Rf7 35. b4 dxc5 36.
Qe8+ Kg7 37. Qxe5+ Qf6 0-1

[Event "Early-Titled-Tuesday-Blitz-January-16-2024"]
[Site "Chess.com"]
[Date "2024.01.16"]
[Round "11"]
[White "Predo63"]
[Black "Malikova777"]
[Result "1/2-1/2"]
[WhiteElo "2477"]
[BlackElo "2311"]
[TimeControl "180+1"]
[EndTime "10:09:11 PST"]
[Termination "Game drawn by repetition"]

1. d4 Nf6 2. Bg5 e6 3. e3 Be7 4.
Nd2 h6 5. Bh4 d5 6. Bd3 c5 7. c3 c4 8. Bc2 b5 9. a3 Nc6 10. f4 a5 11. Ngf3 Bb7 12. Ne5 Nd7 13. Bxe7 Qxe7 14. O-O a4 15. Nxd7 Kxd7 16. Qh5 f5 17.
Nf3 g6 18. Qxg6 Rag8 19. Qh5 Rg4 20. g3 Kc7 21. Kf2 Bc8 22. Bd1 Rg7 23. Qh4 Qf8 24.
Rg1 Bd7 25. Ne5 Nxe5 26. dxe5 h5 27. h3 Be8 28. Bf3 Qg8 29. Rg2 Qf7 30. Rag1 Rhg8 31. g4 hxg4 32. hxg4 fxg4 33. Rxg4 Rxg4 34. Rxg4 Rxg4 35.
Bxg4 Qg6 36. Kg3 Bd7 37. Qe7 Qe4 38. Qc5+ Kd8 39. Qd6 Qxe3+ 40. Kh4 Qxf4 41. Qb8+ Ke7 42. Qd6+ Ke8 43. Qb8+ Kf7 44. Qd6 Qf2+ 45. Kh3 Qe3+ 46. Kh4 Ke8 47. Qb8+ Ke7 48. Qd6+ Kd8 49. Qb8+ Ke7 50.
Qd6+ Kd8 51. Qb8+ Ke7 1/2-1/2

[Event "Early-Titled-Tuesday-Blitz-January-16-2024"]
[Site "Chess.com"]
[Date "2024.01.16"]
[Round "11"]
[White "MightyGMpretender"]
[Black "Vesper2018"]
[Result "0-1"]
[WhiteElo "2817"]
[BlackElo "2588"]
[TimeControl "180+1"]
[EndTime "10:09:12 PST"]
[Termination "Vesper2018 won by checkmate"]

1. e4 c5 2. Nf3 d6 3. c4 Nf6 4.
Nc3 g6 5. d4 cxd4 6. Nxd4 Bg7 7. Be2 O-O 8. O-O Nc6 9. Be3 Bd7 10. Nc2 Ne5 11. f3 Rc8 12. b3 a6 13. a4 Qa5 14.
Qd2 Nc6 15. Rab1 Ng4 16. b4 Qe5 17. fxg4 Qxc3 18. Qxc3 Bxc3 19. c5 Ne5 20. h3 Bxa4 21. Nd4 dxc5 22. bxc5 Rfd8 23. Nf3 Bc6 24. Nxe5 Bxe5 25.
Bc4 e6 26. Rbe1 Bd4 27. Bf2 Bxf2+ 28. Rxf2 Rd4 29. Be2 Rxe4 30. Ref1 Rxe2 31. Rxe2 Bb5 32. Rc2 Bxf1 33. Kxf1 Kf8 34. Ke2 b6 35. c6 Ke7 36.
Kd3 Kd6 37. Ra2 a5 38. Kc4 Kxc6 39. g5 Rd8 40. Rf2 b5+ 41. Kc3 Rd7 42. h4 Kc5 43.
Re2 b4+ 44. Kb3 Rd3+ 45. Ka4 Ra3# 0-1

[Event "Early-Titled-Tuesday-Blitz-January-16-2024"]
[Site "Chess.com"]
[Date "2024.01.16"]
[Round "11"]
[White "Langua_Chess"]
[Black "SahibSinghKnight"]
[Result "0-1"]
[WhiteElo "2446"]
[BlackElo "2655"]
[TimeControl "180+1"]
[EndTime "10:09:13 PST"]
[Termination "SahibSinghKnight won on time"]

1. e4 e6 2. d4 d5 3. e5 c5 4. c3 Qb6 5. Nf3 Nc6 6. Bd3 cxd4 7. O-O Bd7 8. Re1 Nge7 9. h4 h6 10. h5 Rc8 11. a3 a6 12. Qe2 Nf5 13. g4 Nfe7 14.
Kg2 f6 15. Bf4 dxc3 16. Nxc3 Nd4 17. Nxd4 Qxd4 18. Bg3 Bc6 19. exf6 Qxf6 20. Kg1 Bd7 21. Bd6 Rc6 22. Be5 Qh4 23. Rad1 Rg8 24. Bh7 Rh8 25. Bc2 Rc4 26. f3 Nc6 27. Bg6+ Kd8 28. Bh2 Bc5+ 29. Kh1 Nd4 30. Qd3 Bd6 31. Rd2 Qxe1+ 0-1

[Event "Early-Titled-Tuesday-Blitz-January-16-2024"]
[Site "Chess.com"]
[Date "2024.01.16"]
[Round "11"]
[White "Schachmalanders"]
[Black "Yeritsyaan"]
[Result "0-1"]
[WhiteElo "2478"]
[BlackElo "2653"]
[TimeControl "180+1"]
[EndTime "10:09:14 PST"]
[Termination "Yeritsyaan won by resignation"]

1. e4 e6 2. d4 a6 3. c4 d5 4. Nc3 dxe4 5. Nxe4 Bb4+ 6. Nc3 c5 7. d5 Nf6 8. Bd2 O-O 9. Nf3 exd5 10. cxd5 Nxd5 11.
Nxd5 Qxd5 12. Bxb4 Qe4+ 13. Be2 Qxb4+ 14. Nd2 Rd8 15.
Qc2 Bf5 16. Qxf5 Qxd2+ 17. Kf1 Nc6 18. Re1 Rd5 19. Qg4 Re8 20. g3 Ne5 21. Qe4 Rd4 22. Qf5 Nd3 23. Bxd3 Qxe1+ 24. Kg2 Qe6 25. Qxh7+ Kf8 26.
b3 Qd5+ 27. f3 Re3 28. Be4 Rd2+ 29. Kh3 Qe6+ 30. Bf5 Qh6+ 31. Qxh6 gxh6 32. Rc1 b6 33. Bc8 a5 34. Bb7 Rxa2 35. Rd1 Rb2 36. Bd5 Re5 37. Bc4 Rh5+ 38. Kg4 Rhxh2 39. Rd7 a4 40. Rxf7+ Ke8 41. Rb7 a3 42. Rxb6 a2 43. Ra6 Rb1 44.
Bb5+ Kd8 45. Rd6+ Kc7 46. Rc6+ Kb7 0-1

[Event "Early-Titled-Tuesday-Blitz-January-16-2024"]
[Site "Chess.com"]
[Date "2024.01.16"]
[Round "11"]
[White "SarochaChuemsakul"]
[Black "hmatyi07"]
[Result "1-0"]
[WhiteElo "2458"]
[BlackElo "2227"]
[TimeControl "180+1"]
[EndTime "10:09:14 PST"]
[Termination "SarochaChuemsakul won on time"]

1. d4 Nf6 2. c4 e6 3. Nf3 d5 4. cxd5 exd5 5. Nc3 c6 6. Bg5 Be7 7. e3 Bf5 8. Bd3 Bxd3 9. Qxd3 Nbd7 10. O-O O-O 11. Rab1 Ne4 12. Bxe7 Qxe7 13. b4 Ndf6 14.
a4 Nxc3 15. Qxc3 Ne4 16. Qc2 Rac8 17. Rfc1 a6 18. Ne5 Nd6 19. Qc5 Rfe8 20. h3 f6 21. Nd3 Nc4 22. Qxe7 Rxe7 23. b5 axb5 24. axb5 Ree8 25.
bxc6 bxc6 26. Rb7 Kf8 27. Ra1 Rb8 28. Raa7 Rxb7 29. Rxb7 Rc8 30. Nc5 Kg8 31. Ne6 g6 32. Rg7+ Kh8 33. Rf7 f5 34. Ng5 h5 35. h4 Nd2 36. Ne6 Ne4 37. f3 Nd6 38. Rd7 Ne8 39.
Nf4 Nf6 40. Nxg6+ Kg8 41. Rd6 Kg7 42. Ne5 c5 43. Nd7 cxd4 44. exd4 1-0